AAA
INLAND EMPIRE 66ERS @ IOWA CUBS
04/10/2052
 
TOP OF THE 1ST
Victoria HarbourCats batting - Pitching for New Orleans Baby Cakes : RHP Kelly Acitelli
Pitching: RHP Kelly Acitelli
Batting: RHB Eddie Coffey 0-0: Called Strike
0-1: Ground out U3 (Groundball, 3S, EV 87.5 MPH)
Batting: RHB Tyler Lindow 0-0: SINGLE (Line Drive, 7LS, EV 93.1 MPH)
Batting: LHB Samuel Vay 0-0: Foul Ball, location: 9LMF
0-1: Ball
1-1: Ball
2-1: Foul Ball, location: 2RF
2-2: Strikes out swinging
Batting: LHB Freddie Farinas 0-0: Ball
1-0: Ball
2-0: Called Strike
2-1: Called Strike
Tyler Lindow steals 2nd base
2-2: Fly out, F9 (Line Drive, 89M, EV 91.9 MPH)
Top of the 1st over - 0 runs, 1 hit, 0 errors, 1 left on base; Victoria 0 - New Orleans 0
BOTTOM OF THE 1ST
New Orleans Baby Cakes batting - Pitching for Victoria HarbourCats : RHP Ben Gaetz
Pitching: RHP Ben Gaetz
Batting: RHB Brian Calderon 0-0: Foul Ball, location: 2F
0-1: Called Strike
0-2: Fly out, F7 (Flyball, 78M, EV 96.3 MPH)
Batting: RHB Ghordy Paño 0-0: DOUBLE (Line Drive, 8RD, EV 96.9 MPH)
Batting: RHB Shawn Ristow 0-0: Swinging Strike
0-1: Foul Ball, location: 3F
0-2: Strikes out looking
Batting: RHB Elías Espinosa 0-0: Called Strike
0-1: Ball
1-1: Ball
2-1: Ball
3-1: Foul Ball, location: 2RF
3-2: Base on Balls
Batting: RHB Jackson Sims 0-0: Foul Ball, location: 2F
0-1: Fly out, F8 (Line Drive, 8RM, EV 89.4 MPH)
Bottom of the 1st over - 0 runs, 1 hit, 0 errors, 2 left on base; Victoria 0 - New Orleans 0
TOP OF THE 2ND
Victoria HarbourCats batting - Pitching for New Orleans Baby Cakes : RHP Kelly Acitelli
Batting: RHB Yimaury Paz 0-0: Ball
1-0: Ball
2-0: Called Strike
2-1: Ball
3-1: Foul Ball, location: 7LDF
3-2: Strikes out looking
Batting: RHB Rainer Paulino 0-0: Fly out, F9 (Flyball, 9LS, EV 78.8 MPH)
Batting: RHB Arwin Thomas 0-0: Ground out U3 (Groundball, 34, EV 109.4 MPH)
Top of the 2nd over - 0 runs, 0 hits, 0 errors, 0 left on base; Victoria 0 - New Orleans 0
BOTTOM OF THE 2ND
New Orleans Baby Cakes batting - Pitching for Victoria HarbourCats : RHP Ben Gaetz
Batting: SHB Corey Rose 0-0: Ball
1-0: Called Strike
1-1: Foul Ball, location: 23F
1-2: Ball
2-2: Foul Ball, location: 2F
2-2: Foul Ball, location: 7LMF
2-2: Ground out 5-3 (Groundball, 5S, EV 73.1 MPH)
Batting: RHB Wil De Jesus 0-0: Ball
1-0: Foul Ball, location: 2F
1-1: Called Strike
1-2: TRIPLE (Flyball, 78XD, EV 88.8 MPH)
Batting: RHB Paul Green 0-0: Ball
1-0: Ball
2-0: Ball
3-0: Called Strike
3-1: SINGLE (Groundball, 6MD, EV 96.3 MPH)
Wil De Jesus scores
Batting: RHB Alex Simpson 0-0: Ball
1-0: Ball
2-0: Called Strike
2-1: Swinging Strike
Paul Green is caught stealing 2nd base 2-4
2-2: Strikes out swinging
Bottom of the 2nd over - 1 run, 2 hits, 0 errors, 0 left on base; Victoria 0 - New Orleans 1
TOP OF THE 3RD
Victoria HarbourCats batting - Pitching for New Orleans Baby Cakes : RHP Kelly Acitelli
Batting: RHB Gerson Jiménez 0-0: Foul Ball, location: 9LDF
0-1: Foul Ball, location: 5F
0-2: Ball
1-2: Ball
2-2: Strikes out looking
Batting: RHB Dingo Parker 0-0: Ball
1-0: Ball
2-0: Fly out, F8 (Flyball, 8RM, EV 89.4 MPH)
Batting: RHB Eddie Coffey 0-0: Called Strike
0-1: Fly out, F9 (Line Drive, 9S, EV 96.3 MPH)
Top of the 3rd over - 0 runs, 0 hits, 0 errors, 0 left on base; Victoria 0 - New Orleans 1
BOTTOM OF THE 3RD
New Orleans Baby Cakes batting - Pitching for Victoria HarbourCats : RHP Ben Gaetz
Batting: RHB Brian Calderon 0-0: Ball
1-0: Foul Ball, location: 5FF
1-1: Called Strike
1-2: Ball
2-2: Ground out 6-3 (Groundball, 6, EV 79.4 MPH)
Batting: RHB Ghordy Paño 0-0: Ball
1-0: Ground out 6-3 (Groundball, 6, EV 111.3 MPH)
Batting: RHB Shawn Ristow 0-0: Ball
1-0: Ground out 4-3 (Groundball, 4, EV 110.6 MPH)
Bottom of the 3rd over - 0 runs, 0 hits, 0 errors, 0 left on base; Victoria 0 - New Orleans 1
TOP OF THE 4TH
Victoria HarbourCats batting - Pitching for New Orleans Baby Cakes : RHP Kelly Acitelli
Batting: RHB Tyler Lindow 0-0: Ball
1-0: Ball
2-0: Called Strike
2-1: Foul Ball, location: 9LSF
2-2: Fly out, F4 (Line Drive, 4, EV 63.1 MPH)
Batting: LHB Samuel Vay 0-0: Foul Ball, location: 7LSF
0-1: Fly out, F9 (Flyball, 89D, EV 98.8 MPH)
Batting: LHB Freddie Farinas 0-0: Fly out, F7 (Flyball, 7D, EV 100.0 MPH)
Top of the 4th over - 0 runs, 0 hits, 0 errors, 0 left on base; Victoria 0 - New Orleans 1
BOTTOM OF THE 4TH
New Orleans Baby Cakes batting - Pitching for Victoria HarbourCats : RHP Ben Gaetz
Batting: RHB Elías Espinosa 0-0: Ball
1-0: Ball
2-0: SINGLE (Groundball, 34D, EV 105.0 MPH)
Batting: RHB Jackson Sims 0-0: Foul Ball, location: 5F
0-1: Swinging Strike
0-2: Foul Ball, location: 3SF
0-2: Strikes out looking
Batting: SHB Corey Rose 0-0: Called Strike
0-1: Ball
1-1: Called Strike
1-2: Ball
2-2: Strikes out swinging
Batting: RHB Wil De Jesus 0-0: Ball
1-0: Fly out, F9 (Flyball, 89M, EV 92.5 MPH)
Bottom of the 4th over - 0 runs, 1 hit, 0 errors, 1 left on base; Victoria 0 - New Orleans 1
TOP OF THE 5TH
Victoria HarbourCats batting - Pitching for New Orleans Baby Cakes : RHP Kelly Acitelli
Batting: RHB Yimaury Paz 0-0: Ball
1-0: Foul Ball, location: 2F
1-1: Fly out, F9 (Line Drive, 9S, EV 86.9 MPH)
Batting: RHB Rainer Paulino 0-0: Hit by Pitch
Pinch Runner at 1st Iván Fino:
Batting: RHB Arwin Thomas 0-0: Ball
Pickoff Throw to First - Out! 1-3 CS
1-0: Called Strike
1-1: Ball
2-1: Ground out U3 (Groundball, 34S, EV 88.1 MPH)
Top of the 5th over - 0 runs, 0 hits, 0 errors, 0 left on base; Victoria 0 - New Orleans 1
BOTTOM OF THE 5TH
New Orleans Baby Cakes batting - Pitching for Victoria HarbourCats : RHP Ben Gaetz
Now at SS: Iván Fino
Batting: RHB Paul Green 0-0: Ball
1-0: Ball
2-0: Foul Ball, location: 9LDF
2-1: Ball
3-1: Ground out 4-3 (Groundball, 4M, EV 106.9 MPH)
Batting: RHB Alex Simpson 0-0: Ball
1-0: Ball
2-0: Foul Ball, location: 2F
2-1: Swinging Strike
2-2: Ball
3-2: Foul Ball, location: 2F
3-2: Strikes out swinging
Batting: RHB Brian Calderon 0-0: Foul Ball, location: 25FF
0-1: Called Strike
0-2: Ball
1-2: Ball
2-2: Ball
3-2: Foul Ball, location: 9LMF
3-2: Reached on error, E5 (Groundball, 56, EV 105.6 MPH)
Batting: RHB Ghordy Paño 0-0: Ball
1-0: Called Strike
1-1: Foul Ball, location: 3FF
1-2: Ball
2-2: SINGLE (Line Drive, 9S, EV 99.4 MPH)
Brian Calderon to second
Runner from 2nd tries for 3rd, SAFE, no throw by RF
Batting: RHB Shawn Ristow 0-0: Fly out, F9 (Flyball, 9S, EV 80.6 MPH)
Bottom of the 5th over - 0 runs, 1 hit, 1 error, 2 left on base; Victoria 0 - New Orleans 1
TOP OF THE 6TH
Victoria HarbourCats batting - Pitching for New Orleans Baby Cakes : RHP Kelly Acitelli
Batting: RHB Gerson Jiménez 0-0: Ball
1-0: Ground out 6-3 (Groundball, 6, EV 107.5 MPH)
Batting: RHB Dingo Parker 0-0: Ball
1-0: Ball
2-0: Ball
3-0: Ground out 1-3 (Groundball, 34S, EV 63.8 MPH)
Batting: RHB Eddie Coffey 0-0: Called Strike
0-1: Ball
1-1: Swinging Strike
1-2: SINGLE (Line Drive, 6D, EV 93.8 MPH)
Batting: RHB Tyler Lindow 0-0: Ball
1-0: Ground out 4-3 (Groundball, 4, EV 92.5 MPH)
Top of the 6th over - 0 runs, 1 hit, 0 errors, 1 left on base; Victoria 0 - New Orleans 1
BOTTOM OF THE 6TH
New Orleans Baby Cakes batting - Pitching for Victoria HarbourCats : RHP Ben Gaetz
Batting: RHB Elías Espinosa 0-0: Foul Ball, location: 5F
0-1: Foul Ball, location: 9LSF
0-2: SINGLE (Line Drive, 9LS, EV 89.4 MPH)
Batting: RHB Jackson Sims 0-0: Ball
1-0: Ball
2-0: Swinging Strike
2-1: Swinging Strike
2-2: Foul Ball, location: 2F
2-2: Grounds into double play, 5-4-3 (Groundball, 56S, EV 90.6 MPH)
Batting: SHB Corey Rose 0-0: Foul Ball, location: 5FF
0-1: Ball
1-1: DOUBLE (Flyball, 8LXD, EV 90.0 MPH)
Batting: RHB Wil De Jesus 0-0: SINGLE (Groundball, 6MD, EV 94.4 MPH)
Corey Rose to third
Runner from 3rd tries for Home, SAFE, throw by CF to home
Batting: RHB Paul Green 0-0: Ball
1-0: Called Strike
1-1: Foul Ball, location: 2F
1-2: Ball
2-2: Foul Ball, location: 9LMFF
2-2: Foul Ball, location: 2F
2-2: Foul Ball, location: 9LMF
2-2: DOUBLE (Line Drive, 78D, EV 106.9 MPH)
Wil De Jesus to third
Runner from 3rd tries for Home, SAFE, throw by LF to home
Pitching: RHP R.J. Trent
Batting: RHB Alex Simpson 0-0: Called Strike
0-1: Foul Ball, location: 5F
0-2: Strikes out swinging
Bottom of the 6th over - 2 runs, 4 hits, 0 errors, 1 left on base; Victoria 0 - New Orleans 3
TOP OF THE 7TH
Victoria HarbourCats batting - Pitching for New Orleans Baby Cakes : RHP Kelly Acitelli
Now at 2B: Ghordy Paño
Now at SS: Blake Ellett
Batting: LHB Samuel Vay 0-0: Fly out, F9 (Line Drive, 9, EV 98.1 MPH)
Batting: LHB Freddie Farinas 0-0: Ball
1-0: Ball
2-0: Ball
3-0: Called Strike
3-1: Called Strike
3-2: Foul Ball, location: 9LSF
3-2: Fly out, F7 (Flyball, 7, EV 86.9 MPH)
Batting: RHB Yimaury Paz 0-0: Called Strike
0-1: Fly out, F8 (Flyball, 8LXD, EV 111.3 MPH)
Top of the 7th over - 0 runs, 0 hits, 0 errors, 0 left on base; Victoria 0 - New Orleans 3
BOTTOM OF THE 7TH
New Orleans Baby Cakes batting - Pitching for Victoria HarbourCats : RHP R.J. Trent
Batting: RHB Brian Calderon 0-0: Ball
1-0: Ball
2-0: Foul Ball, location: 25FF
2-1: Foul Ball, location: 23FF
2-2: Ground out 3-1 (Groundball, 34, EV 106.3 MPH)
Batting: RHB Ghordy Paño 0-0: Ball
1-0: Swinging Strike
1-1: SINGLE (Line Drive, 34, EV 103.1 MPH)
Batting: RHB Shawn Ristow 0-0: Foul Ball, location: 2F
0-1: Ball
Ghordy Paño is caught stealing 2nd base 2-4
1-1: Ball
2-1: Ground out 6-3 (Groundball, 6, EV 93.1 MPH)
Bottom of the 7th over - 0 runs, 1 hit, 0 errors, 0 left on base; Victoria 0 - New Orleans 3
TOP OF THE 8TH
Victoria HarbourCats batting - Pitching for New Orleans Baby Cakes : RHP Kelly Acitelli
Batting: RHB Iván Fino 0-0: Foul Ball, location: 3F
0-1: Ground out U3 (Groundball, 3S, EV 80.0 MPH)
Pinch Hitting: LHB Virgil Scott 0-0: Ball
1-0: Ball
2-0: Ball
3-0: Called Strike
3-1: Foul Ball, location: 3F
3-2: Ground out 6-3 (Groundball, 6, EV 90.6 MPH)
Pinch Hitting: LHB Cain Means 0-0: Ground out 5-3 (Groundball, 25, EV 86.3 MPH)
Top of the 8th over - 0 runs, 0 hits, 0 errors, 0 left on base; Victoria 0 - New Orleans 3
BOTTOM OF THE 8TH
New Orleans Baby Cakes batting - Pitching for Victoria HarbourCats : RHP R.J. Trent
Pitching: RHP Benjamin Richards
Now at 2B: Virgil Scott
Now at 3B: Cain Means
Batting: RHB Elías Espinosa 0-0: Ball
1-0: Foul Ball, location: 2F
1-1: Ball
2-1: Foul Ball, location: 2F
2-2: Strikes out swinging
Batting: RHB Jackson Sims 0-0: Fly out, F8 (Flyball, 8RXD, EV 96.9 MPH)
Batting: SHB Blake Ellett 0-0: Swinging Strike
0-1: Ball
1-1: Ground out 6-3 (Groundball, 6, EV 86.3 MPH)
Bottom of the 8th over - 0 runs, 0 hits, 0 errors, 0 left on base; Victoria 0 - New Orleans 3
TOP OF THE 9TH
Victoria HarbourCats batting - Pitching for New Orleans Baby Cakes : RHP Kelly Acitelli
Now in LF: Rubin Landau
Batting: RHB Dingo Parker 0-0: Swinging Strike
0-1: Ball
1-1: Foul Ball, location: 2F
1-2: Ball
2-2: Strikes out swinging
Batting: RHB Eddie Coffey 0-0: Ball
1-0: Fly out, F8 (Flyball, 78XD, EV 101.9 MPH)
Batting: RHB Tyler Lindow 0-0: Ball
1-0: Ball
2-0: Ball
3-0: Called Strike
3-1: Base on Balls
Pitching: RHP Calbert Gavin
Batting: LHB Samuel Vay 0-0: Swinging Strike
0-1: SINGLE (Line Drive, 34D, EV 98.1 MPH)
Tyler Lindow to second
Batting: LHB Freddie Farinas 0-0: Called Strike
0-1: Called Strike
0-2: Ball
1-2: Ball
2-2: SINGLE (Groundball, 6MD, EV 98.8 MPH)
Tyler Lindow to third
Samuel Vay to second
Batting: RHB Yimaury Paz 0-0: Foul Ball, location: 9LMF
0-1: Called Strike
0-2: Hit by Pitch
Tyler Lindow scores
Samuel Vay to third
Freddie Farinas to second
Batting: RHB Iván Fino 0-0: Ball
1-0: Ball
2-0: Fly out, F8 (Flyball, 8RD, EV 103.1 MPH)
Top of the 9th over - 1 run, 2 hits, 0 errors, 3 left on base; Victoria 1 - New Orleans 3
Tuesday, April 16th , 2024 - OOTP Baseball 24.11 Build 85